 Dungeon Crawl Stone Soup version 0.29-a0-925-g0a7a3d12f8 (webtiles) character file.

Game seed: 1455697535685788624

42 Essalna the Insei (level 3, 0/24 HPs)
             Began as an Octopode Transmuter on July 29, 2022.
             Slain by an endoplasm (2 damage)
             ... on level 3 of the Dungeon.
             The game lasted 00:01:52 (1904 turns).

Essalna the Insei (Octopode Transmuter)             Turns: 1904, Time: 00:01:53

Health: 0/24       AC:  1    Str:  9    XL:     3   Next: 56%
Magic:  6/6        EV: 13    Int: 17    God:
Gold:   119        SH:  0    Dex: 12    Spells: 5/6 levels left

rFire   . . .      SeeInvis .     - Unarmed
rCold   . . .      Faith    .   (no shield)
rNeg    . . .      Spirit   .   (helmet restricted)
rPois   .          Reflect  .   (no amulet)
rElec   .          Harm     .   (no ring)
rCorr   .          Rampage  .   (no ring)
Will    .....                   (no ring)
Stlth   ++........              (no ring)
HPRegen 0.08/turn               (no ring)
MPRegen 0.10/turn               (no ring)
                                (no ring)
                                (no ring)

@: no status effects
A: almost no armour, amphibious, 8 rings, camouflage 1, gelatinous body 1,
(nimble swimmer 1), tentacles
a: no special abilities


You were on level 3 of the Dungeon.
You visited 1 branch of the dungeon, and saw 3 of its levels.

You collected 119 gold pieces.

Inventory:

Scrolls
 b - 3 scrolls of identify {unknown}
 c - a scroll of enchant weapon {unknown}
 g - a scroll of teleportation {unknown}
Potions
 a - a potion of lignification
 d - a potion of curing {unknown}
 e - a potion of mutation {unknown}
 f - a potion of magic {unknown}


   Skills:
 + Level 1.8 Fighting
 + Level 2.5 Dodging
 + Level 3.3 Unarmed Combat
 - Level 2.0 Spellcasting
 + Level 2.5 Transmutations


You had 5 spell levels left.
You knew the following spells:

 Your Spells              Type           Power      Damage    Failure   Level
a - Beastly Appendage     Tmut           20%        N/A       7%          1

Your spell library contained the following spells:

 Spells                   Type           Power      Damage    Failure   Level
 Wereblood                Tmut           10%        N/A       11%         2
 Spider Form              Tmut/Pois      6%         N/A       34%         3
 Ice Form                 Ice/Tmut       6%         N/A       75%         4


Dungeon Overview and Level Annotations

Branches:
Dungeon (3/15)

Altars:

Shops:
D:2 (


Innate Abilities, Weirdness & Mutations

You cannot wear most types of armour.
You are amphibious.
You can wear up to eight rings at the same time.
Your skin changes colour to match your surroundings (Stealth+).
Your rubbery body absorbs attacks. (AC +1, EV +1)
((You are camouflaged when in or above water. (Stealth+)))
You have tentacles for arms and can constrict up to eight enemies at once.


Message History

You tentacle-slap the quokka. Your grab misses the quokka.
The quokka is severely wounded.
The quokka closely misses you. The quokka bites you.
You tentacle-slap the quokka but do no damage.
You grab the quokka.
The quokka is severely wounded.
You constrict the quokka.
You kill the quokka!
A rat comes into view.
You closely miss the rat. You grab the rat.
You squeeze the rat, but do no damage. You constrict the rat.
The rat misses you.
A hobgoblin comes into view.
You barely miss the rat. You squeeze the rat.
You kill the rat!
A goblin comes into view. It is wielding a +0 dagger.
An endoplasm comes into view.
The gnoll hits you with a +0 whip.
A gnoll comes into view. It is wielding a +0 whip.
The gnoll hits you with a +0 halberd.
The endoplasm moves out of view.
You see here a rat corpse.
You are too injured to fight recklessly!
There are monsters nearby!
There are monsters nearby!
The gnoll attacks as you move away! The gnoll hits you with a +0 halberd.
The gnoll misses you. The endoplasm freezes you.
You are frozen.
* * * LOW HITPOINT WARNING * * *
The gnoll attacks as you move away! The gnoll hits you with a +0 whip.
* * * LOW HITPOINT WARNING * * *
The endoplasm attacks as you move away! The endoplasm barely misses you.
There is a stone staircase leading down here.
The endoplasm barely misses you.
You climb downwards.
Found four items.
There is a stone staircase leading up here.
You tentacle-slap the endoplasm but do no damage.
The endoplasm hits you.
You die...

?# .# .. .#
#
#####.###.##
.[.........
##..J.!....
#..@.....#
#.##.#≈≈≈.#
# #≈≈ ≈≈.
≈≈w≈ ? ≈≈≈≈.
≈≈≈.# ####


You could see a dart slug (asleep) and an endoplasm.

Vanquished Creatures
  A dart slug (D:1)
  4 bats
  An endoplasm (D:2)
  3 goblins (D:1)
  3 hobgoblins (D:1)
  3 jackals (D:1)
  3 quokkas
  5 ball pythons
  6 frilled lizards
  5 kobolds
  6 rats
40 creatures vanquished.

Notes
Turn   | Place    | Note
-------+----------+-------------------------------------------
     0 | D:1      | Essalna the Octopode Transmuter began the quest for the
                  | Orb.
     0 | D:1      | Reached XP level 1. HP: 13/13 MP: 3/3
   281 | D:1      | Reached XP level 2. HP: 14/18 MP: 5/5
   870 | D:1      | Reached XP level 3. HP: 23/23 MP: 6/6
  1583 | D:2      | Found Emneud's Antique Weapon Shoppe.
  1904 | D:3      | Slain by an endoplasm

Illustrated notes

Levels and vault maps discovered:
D:1:      amcnicky_arrival_single_pillar, layout_loops_corners
D:2:      layout_rooms, serial_shops, nicolae_shop_stone, st_stairs_5
D:3:      layout_loops_corners, kennysheep_slug_shrine,
          shapermc_ecumenical_altar_gd

Action                   || total
-------------------------++-------
Melee: Unarmed           ||   100
       Constrict         ||    24
       Tentacles         ||    19
       Punch             ||     2
 Stab: Sleeping          ||     7
       Distracted        ||     1
Armor: Skin              ||     7
Dodge: Dodged            ||    61

Table legend: (Time is in decaauts)
 A = Elapsed time spent in this place.
 B = Non-inter-level travel time spent in this place.
 C = Inter-level travel time spent in this place.
 D = Time resting spent in this place.
 E = Time spent auto-exploring this place.
 F = Levels seen in this place.
 G = Mean time per level.
                   A        B        C        D        E       F      G
               +--------+--------+--------+--------+--------+-----+--------+
         Total |   1898 |   1862 |     36 |      0 |   1592 |   3 |  632.7 |
       Dungeon |   1898 |   1862 |     36 |      0 |   1592 |   3 |  632.7 |
               +--------+--------+--------+--------+--------+-----+--------+

Top non-repeatable levels by time:
     D:1: 1578 daAuts
     D:2: 319 daAuts
     D:3: 0 daAuts
